Ron, neutral male human Barbarian ---- .. --..------... |........@... |.-----.B.... |.| |..... |.| --... --.-------- |......| |......| |......| --......-- |........-- --........-- --...--...-- |...--....| --........| --......-- -----.-- --- Ron the Pillager Experience level: 4 Strength: 18 Dexterity: 16 Constitution: 18 Intelligence: 8 Wisdom: 8 Charisma: 6 Health: 0(43) Energy: 10(10) Def: 3 Gold: 22 Moves: 1688 Dungeon seed: zqHnBhaARnBFqium Game ID: Ron_1440092574 Your Inventory: Weapons a - an uncursed +0 battle-axe (weapon in hands) b - an uncursed +0 short sword A - an uncursed +0 axe B - an uncursed +0 dwarvish short sword I - an uncursed +0 elven dagger (in quiver) Q - 6 uncursed +2 ya S - a cursed -2 dagger Armor e - an uncursed +0 ring mail (being worn) q - a cursed -3 orcish helm r - a cursed +0 dwarvish cloak v - an uncursed +0 pair of iron shoes y - an uncursed +0 orcish helm z - an uncursed +0 ring mail C - an uncursed +0 dwarvish iron helm D - an uncursed +0 dwarvish roundshield E - an uncursed +0 pair of iron shoes T - an uncursed +0 dwarvish cloak U - an uncursed +0 pair of iron shoes Y - an uncursed +0 dwarvish cloak Tools g - a cursed brass lantern (lit) (0:1136) t - an uncursed lock pick w - an uncursed +0 pick-axe x - an uncursed tallow candle (0:200) L - an uncursed lock pick Rings l - an uncursed ring of cold resistance Scrolls p - an uncursed scroll of scare monster u - an uncursed scroll of identify J - a blessed scroll of enchant weapon V - an uncursed scroll of food detection Potions f - an uncursed potion of water j - a blessed potion of confusion Comestibles c - 3 uncursed food rations d - an uncursed lichen corpse s - 2 uncursed tins of goblin meat G - an uncursed eucalyptus leaf M - an uncursed cream pie Gems n - 2 uncursed worthless pieces of white glass F - 2 uncursed worthless pieces of black glass H - an uncursed worthless piece of red glass N - an uncursed worthless piece of yellowish brown glass R - an uncursed worthless piece of green glass Coins $ - 22 gold pieces Spells and supernatural/magical abilities: Name Level Category Fail Memory W - pray for help -- divine ? -- Your skills at the end: Fighting Skills bare handed combat [Basic] Weapon Skills axe [Basic] short sword [Basic] Spellcasting Skills Final Attributes: You were devoutly aligned. You were poison resistant. You were telepathic. You are dead. Vanquished creatures: a gnome lord a floating eye 3 dwarves 2 giant bats a hobbit a brown mold a yellow mold 5 gnomes 3 jackals 2 goblins 2 sewer rats 3 grid bugs a bat 2 lichens 5 newts 33 creatures vanquished. Voluntary challenges: You were an atheist. You used a wielded weapon 32 times, starting on turn 6. You were illiterate. You never genocided any monsters. You never polymorphed an object. You never changed form. You used no wishes. You never split a pudding. You never wrote Elbereth's name. You never violated your personal moral code. Dungeon overview: The Dungeons of Doom: levels 1 to 2 Level 1 a fountain a long staircase Level 2 a weapon shop, a fountain stairs to The Gnomish Mines The Gnomish Mines: levels 3 to 4 Level 3 stairs to The Dungeons of Doom Level 4 <- You were here History has recorded: On T:1 you entered the Dungeons of Doom to retrieve the Amulet of Yendor! On T:377 you reached level 2 of The Dungeons of Doom. On T:557 you advanced to experience level 2. On T:870 you reached level 1 of The Gnomish Mines. On T:881 you advanced to experience level 3. On T:1022 you advanced to experience level 4. On T:1536 you reached level 2 of The Gnomish Mines. Score breakdown: Gold: 22 ( 2 points) Experience: 4 levels ( 300 points) Exploration: 4 levels ( 90 points) Discoveries: 1 item ( 50 points) Variety of kills: 15 monsters ( 750 points) Major goal: (nothing yet) ( 0 points) Survival: died (score multiplied by 3) Total score: 3576 Latest messages: You rebalance your load. Movement is difficult. You can see again. The giant bat bites! (4x) You die... Final status: Goodbye Ron the Barbarian, killed by a giant bat... You died in The Gnomish Mines on dungeon level 4 with 3576 points, and 22 pieces of gold, after 1688 moves. You were level 4 with a maximum of 43 hit points when you died.